 Dungeon Crawl Stone Soup version bcrawl-1.27.6 (webtiles) character file.

Game seed: 1157504367632542009

165714 Faustar the Skirmisher (level 6, -1/40 HPs)
             Began as a Gargoyle Berserker on Sept 19, 2020.
             Was a Believer of Trog.
             Slain by Eustachio
             ... wielding a +0 rapier
              (4 damage)
             ... on level 4 of the Dungeon.
             The game lasted 00:03:35 (2750 turns).

Faustar the Skirmisher (Gargoyle Berserker)         Turns: 2750, Time: 00:03:36

Health: -1/40      AC:  9    Str: 23    XL:     6   Next: 8%
Magic:  6/6        EV: 14    Int:  7    God:    Trog [**....]
Gold:   152        SH:  0    Dex:  9    Spells: 5/5 levels left

rFire    . . .     SeeInvis .   a - +0 mace
rCold    . . .     Gourm    .   (no shield)
rNeg     + . .     Faith    .   l - +0 ring mail
rPois    ∞         Spirit   .   (no helmet)
rElec    +         Reflect  .   (no cloak)
rCorr    .         Harm     .   (no gloves)
MR       ++...                  (no boots)
Stlth    ..........             (no amulet)
HPRegen  1.13/turn              k - +3 ring of evasion
MPRegen  0.10/turn              (no ring)

@: berserk cooldown, regenerating, slowed, very slow
A: negative energy resistance 1, electricity resistance, unbreathing,
petrification resistance, rot immunity, AC +4
a: Berserk, Trog's Hand, Renounce Religion


You were on level 4 of the Dungeon.
You worshipped Trog.
Trog was pleased with you.
You were not hungry.

You visited 1 branch of the dungeon, and saw 4 of its levels.

You collected 223 gold pieces.
You spent 71 gold pieces at shops.

Inventory:

Hand Weapons
 a - a +0 mace (weapon)
Armour
 b - a +0 animal skin
 l - a +0 ring mail (worn)
Jewellery
 k - a +3 ring of evasion (left hand)
Scrolls
 d - a scroll of teleportation {unknown}
 f - 4 scrolls of identify
 g - 4 scrolls of remove curse
 h - 3 scrolls of immolation {unknown}
 j - a scroll of fog {unknown}
Potions
 c - 2 potions of degeneration {unknown}
 i - a potion of brilliance {unknown}
 m - a potion of agility {unknown}
 n - 2 potions of curing
 p - 2 potions of haste {unknown}
 q - a potion of heal wounds {unknown}
 r - a potion of berserk rage {unknown}
 s - a potion of lignification {unknown}
 t - a potion of magic {unknown}
Comestibles
 e - 7 rations {!d}


   Skills:
 + Level 5.6 Fighting
 + Level 5.1 Maces & Flails
 - Level 2.1 Armour
 - Level 1.5 Dodging


You had 5 spell levels left.
You didn't know any spells.
Your spell library was empty.

Dungeon Overview and Level Annotations

Branches:
Dungeon (4/12)
 Temple: D:4-7

Altars:
Gozag
Kikubaaqudgha
Makhleb
Vehumet

Shops:
D:4 *

Annotations:
D:4 Eustachio


Innate Abilities, Weirdness & Mutations

You are resistant to torment.
Your stone body is resilient. (AC +4)
You are immune to poison.
You resist negative energy. (rN+)
You are resistant to electric shocks. (rElec)
You can survive without breathing.
You are immune to petrification.
You are immune to rotting.


Message History

You eat one of the 8 rations {!d}.
That ration really hit the spot!
The ufetubus hits you but does no damage.
The ufetubus misses you. The orc barely misses you.
Eustachio mumbles some strange words.
The ufetubus hits you but does no damage.
The ufetubus barely misses you. The orc hits you with a +0 trident.
* * * LOW HITPOINT WARNING * * *
You hit Eustachio.
Eustachio is lightly wounded.
The ufetubus hits you but does no damage.
The ufetubus hits you.
* * * LOW HITPOINT WARNING * * *
Eustachio hits you with a +0 rapier.
* * * LOW HITPOINT WARNING * * *
The ufetubus hits you but does no damage.
The ufetubus closely misses you. The orc closely misses you.
The ufetubus hits you.
* * * LOW HITPOINT WARNING * * *
The ufetubus barely misses you. Eustachio hits you with a +0 rapier.
You die...

.............
.............#
.............#
.............#
$............#
............####
.......o.......#
..............)5@55...#
#<............)..@.##.#
#...............5..#
#..................#
#..............†..##
...............=...#
.................#..#
∩................##...#
................## #.##


You could see Eustachio, a white imp, a shadow imp, an orc and 2 ufetubi.

Vanquished Creatures
  A hound (D:3)
  A jelly (D:3)
  A centaur skeleton (D:4)
  2 worker ants (D:4)
  3 adders
  An ooze (D:2)
  2 worms (D:2)
  3 leopard geckos
  7 orcs
  3 giant cockroaches
  6 hobgoblins
  6 jackals
  2 quokkas (D:2)
  6 bats
  2 frilled lizards (D:1)
  2 goblins
  7 kobolds
  4 rats (D:1)
59 creatures vanquished.

Notes
Turn   | Place    | Note
-------+----------+-------------------------------------------
     0 | D:1      | Faustar the Gargoyle Berserker began the quest for the Orb.
     0 | D:1      | Reached XP level 1. HP: 14/14 MP: 1/1
   170 | D:1      | Reached XP level 2. HP: 19/19 MP: 2/2
   708 | D:1      | Reached XP level 3. HP: 24/24 MP: 3/3
   942 | D:2      | Found a radiant altar of Vehumet.
   947 | D:2      | Reached ** piety under Trog
  1705 | D:3      | Reached XP level 4. HP: 26/30 MP: 4/4
  1730 | D:3      | Found an opulent altar of Gozag.
  1731 | D:3      | Found an ancient bone altar of Kikubaaqudgha.
  1754 | D:3      | Found a burning altar of Makhleb.
  1942 | D:3      | Reached XP level 5. HP: 31/34 MP: 5/5
  2273 | D:3      | Reached skill level 5 in Fighting
  2616 | D:4      | Found Qoguna's General Store.
  2624 | D:4      | Bought a potion of curing for 32 gold pieces
  2624 | D:4      | Bought a scroll of remove curse for 39 gold pieces
  2726 | D:4      | Noticed Eustachio
  2730 | D:4      | Reached skill level 5 in Maces & Flails
  2730 | D:4      | Reached XP level 6. HP: 40/40 MP: 6/6
  2750 | D:4      | Slain by Eustachio

Skill      XL: |  1  2  3  4  5 |
---------------+----------------+-----
Fighting       | 4 5 |  5.6
Maces & Flails | 4 5 |  5.1
Armour         | |  2.1
Dodging        | |  1.5

Action                   |  1- 3 |  4- 6 || total
-------------------------+-------+-------++-------
Melee: Mace              |   122 |   114 ||   236
Invok: Berserk           |       |     2 ||     2
       Trog's Hand       |       |     1 ||     1
  Use: Scroll            |       |     1 ||     1
  Eat: Chunk             |     6 |     6 ||    12
       Ration            |       |     1 ||     1
Armor: Animal skin       |    24 |       ||    24
       Ring mail         |    32 |    84 ||   116
Dodge: Dodged            |    83 |   113 ||   196
